 Dungeon Crawl Stone Soup version 0.23.1 (webtiles) character file.

Game seed: 4494184606742021796

104 Borgoz the Sneak (level 4, -7/33 HPs)
             Began as a Ghoul Enchanter on Mar 13, 2019.
             Mangled by a gnoll
             ... wielding a +0 whip
              (9 damage)
             ... on level 1 of the Dungeon.
             The game lasted 00:03:01 (1735 turns).

Borgoz the Sneak (Ghoul Enchanter)                  Turns: 1735, Time: 00:03:01

Health: -7/33      AC:  3    Str: 11    XL:     4   Next: 80%
Magic:  1/6        EV: 12    Int: 10    God:
Gold:   49         SH:  0    Dex: 10    Spells: 4/7 levels left

rFire    . . .     SeeInvis .   a - +1 dagger
rCold    + . .     Gourm    .   (no shield)
rNeg     + + +     Faith    .   b - +0 robe
rPois    ∞         Spirit   .   h - +0 helmet (curse)
rElec    .         Reflect  .   (no cloak)
rCorr    .         Harm     .   (no gloves)
MR       .....                  (no boots)
Stlth    ++........             (no amulet)
HPRegen  0.00/turn              (no ring)
MPRegen  0.10/turn              (no ring)

@: rotting
A: rotting body, claws 1, carnivore, cold resistance 1, negative energy
resistance 3, inhibited regeneration, torment resistance, unbreathing
a: no special abilities


You were on level 1 of the Dungeon.
You were not hungry.

You visited 1 branch of the dungeon, and saw 2 of its levels.

You collected 49 gold pieces.

Inventory:

Hand Weapons
 a - a +1 dagger (weapon)
 c - a +0 spear
Armour
 b - a +0 robe (worn)
 e - a +2 helmet
 h - a cursed +0 helmet (worn)
Jewellery
 j - an uncursed ring of magical power {unknown}
Scrolls
 g - 2 scrolls of enchant armour
 i - 2 scrolls of teleportation
Potions
 k - a potion of lignification
Comestibles
 d - 6 rations


   Skills:
 + Level 1.8 Short Blades
 + Level 2.4 Dodging
 + Level 4.0 Stealth
 + Level 2.4 Spellcasting
 + Level 2.9 Hexes


You had 4 spell levels left.
You knew the following spells:

 Your Spells              Type           Power        Failure   Level  Hunger
a - Corona                Hex            #......      9%          1    ##.....
b - Ensorcelled Hibernat  Hex/Ice        #.....       26%         2    ###....

Your spell library contained the following spells:

 Spells                   Type           Power        Failure   Level  Hunger
 Confuse                  Hex            #.......     26%         3    ####...
 Tukima's Dance           Hex            #.......     26%         3    ####...
 Dazzling Spray           Conj/Hex       #.....       45%         3    ####...


Dungeon Overview and Level Annotations

Branches:
Dungeon (2/15)

Altars:


Innate Abilities, Weirdness & Mutations

Your body is rotting away.
You thrive on raw meat.
You are immune to poison.
You have sharp fingernails.
You are carnivorous and can eat meat at any time.
Your flesh is cold resistant. (rC+)
You are immune to negative energy. (rN+++)
You do not regenerate when monsters are visible.
You are immune to unholy pain and torment.
You can survive without breathing.


Message History

You don't have enough magic to cast that spell.
Unknown command.
You see here a whip.
Casting: Ensorcelled Hibernation (safe; 26% risk of failure)
Confirm with . or Enter, or press ? or * to list all spells.
Aiming: Ensorcelled Hibernation (safe; 26% risk of failure)
Press: ? - help, Shift-Dir - straight line, f - gnoll
Aim: a gnoll, wielding a +0 whip (chance to defeat MR: 45%)
The gnoll resists with some effort.
The gnoll hits you but does no damage.
There is a stone staircase leading up here.
The gnoll barely misses you.
You climb upwards.
There is a stone staircase leading down here.
Casting: Ensorcelled Hibernation (safe; 26% risk of failure)
Confirm with . or Enter, or press ? or * to list all spells.
Aiming: Ensorcelled Hibernation (safe; 26% risk of failure)
Press: ? - help, Shift-Dir - straight line, f - gnoll
Aim: a gnoll, wielding a +0 whip (chance to defeat MR: 45%)
The gnoll resists with some effort.
The gnoll hits you with a +0 whip!
You die...

### ######.## ###
#.@.....#########..
#g####.#........... #.#
#.#.########.. #.#
#............[ #.#
###.#######...
#.######.##......#.
#######.>.........#.##...
#.....#..#####.####.###.#
#####.....#..###
#(####.###.#


You could see a gnoll.

Vanquished Creatures
  A crimson imp (D:1)
  2 gnolls (D:2)
  An adder (D:1)
  An ooze (D:2)
  A dart slug (D:1)
  2 leopard geckos (D:1)
  7 bats
  A giant cockroach (D:2)
  5 goblins (D:1)
  4 hobgoblins
  3 frilled lizards (D:1)
  3 kobolds
  4 rats
35 creatures vanquished.

Notes
Turn   | Place    | Note
-------+----------+-------------------------------------------
     0 | D:1      | Borgoz the Ghoul Enchanter began the quest for the Orb.
     0 | D:1      | Reached XP level 1. HP: 14/14 MP: 2/2
   186 | D:1      | Reached skill level 1 in Short Blades
   222 | D:1      | Reached XP level 2. HP: 12/20 MP: 3/3
   706 | D:1      | Learned a level 2 spell: Ensorcelled Hibernation
  1120 | D:2      | Reached XP level 3. HP: 24/26 MP: 5/5
  1534 | D:1      | Reached XP level 4. HP: 21/31 MP: 3/6
  1683 | D:2      | Reached skill level 4 in Stealth
  1698 | D:2      | HP: 1/33 [gnoll/+0 whip (5)]
  1735 | D:1      | Mangled by a gnoll

Skill      XL: |  1  2  3  4 |
---------------+-------------+-----
Short Blades   | 1 |  1.8
Dodging        | 2 |  2.4
Spellcasting   | 2 |  2.4
Stealth        | 4 |  4.0
Hexes          | |  2.9

Action                   |  1- 3 |  4- 6 || total
-------------------------+-------+-------++-------
Melee: Dagger            |   142 |    11 ||   153
 Cast: Ensorcelled Hiber |     2 |     5 ||     7
  Use: Scroll            |     4 |       ||     4
 Stab: Sleeping          |     5 |     1 ||     6
  Eat: Chunk             |     3 |     2 ||     5
Armor: Robe              |    46 |     4 ||    50
Dodge: Dodged            |   116 |     9 ||   125
